 Dungeon Crawl Stone Soup version 0.18.1-50-g88ac8fd (webtiles) character file.

83 lorenzova the Conjurer (level 4, 0/24 HPs)
             Began as a Deep Elf Conjurer on Oct 23, 2016.
             Slain by Grinder (4 damage)
             ... on level 3 of the Dungeon.
             The game lasted 00:04:20 (2518 turns).

lorenzova the Conjurer (Deep Elf Conjurer)          Turns: 2518, Time: 00:04:21

Health: 0/24       AC:  3    Str:  5    XL:     4   Next: 22%
Magic:  0/12       EV: 13    Int: 21    God:
Gold:   95         SH:  0    Dex: 15    Spells: 2 memorised, 7 levels left

rFire  . . .     SeeInvis .     e - +0 short sword
rCold  . . .     Gourm    .     o - +0 robe (curse)
rNeg   . . .     Faith    .     (no shield)
rPois  .         Spirit   .     (no helmet)
rElec  .         Dismiss  .     (no cloak)
rCorr  .         Reflect  .     h - +0 pair of gloves
SustAt .         Harm     .     (no boots)
MR     .....                    (no amulet)
Stlth  ++........               (no ring)
                                (no ring)

@: very slightly contaminated, not resistant to hostile enchantments, unstealthy
A: no striking features
a: no special abilities


You were on level 3 of the Dungeon.
You were not hungry.

You visited 1 branch of the dungeon, and saw 3 of its levels.

You collected 95 gold pieces.

Inventory:

Hand Weapons
 e - a +0 short sword (weapon)
Armour
 a - a +0 robe
 h - a +0 pair of gloves (worn)
 o - a cursed +0 robe (worn)
Jewellery
 l - a +4 ring of protection {unknown}
 p - an uncursed ring of sustain attributes {unknown}
Scrolls
 f - 2 scrolls of identify {unknown}
 g - 2 scrolls of blinking {unknown}
 k - a scroll of remove curse {unknown}
Potions
 d - 2 potions of resistance {unknown}
 j - a potion of haste {unknown}
 m - a potion of heal wounds {unknown}
 n - a potion of agility
 r - a potion of might {unknown}
Books
 b - a book of Conjurations

   Spells                             Type                      Level
   a - Magic Dart                     Conjuration                  1
   b - Searing Ray                    Conjuration                  2
   c - Dazzling Spray                 Conjuration/Hexes            3
   d - Fulminant Prism                Conjuration/Hexes            4
   e - Iskenderun's Mystic Blast      Conjuration                  4
   f - Iskenderun's Battlesphere      Conjuration/Charms           5
Comestibles
 c - 2 bread rations
 i - 2 meat rations


   Skills:
 - Level 2.4 Dodging
 - Level 2.4 Stealth
 + Level 4.6 Spellcasting
 + Level 5.5 Conjurations


You had 7 spell levels left.
You knew the following spells:

 Your Spells              Type           Power        Failure   Level  Hunger
a - Magic Dart            Conj           ####         1%          1    None
b - Iskenderun's Mystic   Conj           ####....     14%         4    ####...


Dungeon Overview and Level Annotations

Branches:
Dungeon (3/15)

Altars:
Ashenzari

Annotations:
D:3 Grinder


Message History

The air around you crackles with energy!
You hit Grinder but do no damage.
Grinder is severely wounded.
Grinder closely misses you.
You completely miss Grinder.
Grinder is severely wounded.
Grinder hits you.
You writhe in agony.
Casting: Iskenderun's Mystic Blast
Confirm with . or Enter, or press ? or * to list all spells.
Aiming: Magic Dart
Press: ? - help, Shift-Dir - straight line, f/p - Grinder
Aim: Grinder (severely wounded)
The magic dart hits Grinder.
Grinder is almost dead.
Grinder hits you!
You writhe in agony.
* * * LOW HITPOINT WARNING * * *
You closely miss Grinder.
Grinder is almost dead.
Grinder hits you.
You die...

#####...............
#............)####
#.##.>............
#.###.......######
#.# #####....### #.#
##.....# #.# #...#.#
#5# #.#.#.# ##@#
#.#...## #..#
#>.....## #.##
##....... #.#
#######....... #.#
#............. #.#
#.............
#.####.........####
#....#.......#.#
####.........#..#


You could see Grinder.

Vanquished Creatures
  An adder (D:3)
  2 oozes (D:1)
  4 worms
  4 giant geckos
  4 giant cockroaches
  7 hobgoblins
  2 jackals (D:2)
  2 bats (D:1)
  4 giant newts
  7 goblins
  4 kobolds
  8 rats
49 creatures vanquished.

Notes
Turn   | Place    | Note
--------------------------------------------------------------
     0 | D:1      | lorenzova the Deep Elf Conjurer began the quest for the Orb.
     0 | D:1      | Reached XP level 1. HP: 10/10 MP: 6/6
   274 | D:1      | Reached XP level 2. HP: 15/15 MP: 5/8
   805 | D:1      | Reached XP level 3. HP: 19/19 MP: 3/10
   993 | D:2      | Found a shattered altar of Ashenzari.
  1046 | D:2      | Reached skill level 5 in Conjurations
  2155 | D:3      | Reached XP level 4. HP: 20/24 MP: 9/12
  2229 | D:3      | Learned a level 4 spell: Iskenderun's Mystic Blast
  2335 | D:3      | Noticed Grinder
  2353 | D:3      | Paralysed by Grinder for 3 turns
  2518 | D:3      | Slain by Grinder

Skill      XL: |  1  2  3 |
---------------+----------+-----
Spellcasting   | 4 |  4.6
Conjurations   | 5 |  5.5
Dodging        | |  2.4
Stealth        | |  2.4

Action                   |  1- 3 |  4- 6 || total
-------------------------+-------+-------++-------
Melee: Short sword       |     5 |     3 ||     8
 Cast: Magic Dart        |    86 |    19 ||   105
       Iskenderun's Myst |       |     3 ||     3
 Stab: Sleeping          |     1 |       ||     1
  Eat: Chunk             |     3 |     2 ||     5
Armor: Robe              |     2 |       ||     2
Dodge: Dodged            |     5 |     1 ||     6
